Map: Weißwasserküste LE

Players

SirPeter

  • Race: Terran Terran
  • Spawn Location: 6:00

RAssassin

  • Race: Protoss Protoss
  • Spawn Location: 1:00

Draxx

  • Race: Terran Terran
  • League: Platinum
  • Spawn Location: 7:00

interzone

  • Race: Zerg Zerg
  • Spawn Location: 12:00

VOD

Have the link to the VOD?

Description

Time

  • Played on: Oct. 11, 2020, 4:26 a.m.
  • Length: 22:20
Show
View Real Time Build Order
Export as new Build Order

SirPeter Terran 

Build Orders:  

Get SALT Encoding   

  12  0:00  SCV  
  13  0:12  SCV  
  14  0:25  SCV, Supply Depot  
  15  0:51  Barracks  
  15  1:04  SCV  
  16  1:16  SCV  
  17  1:22  Refinery  
  17  1:23  Command Center  
  17  1:28  SCV  
  18  1:33  Refinery  
  18  1:52  Marine  
  19  1:58  SCV  
  20  2:10  SCV, Marine  
  22  2:27  Marine  
  23  2:34  SCV  
  24  2:45  Marine  
  24  2:46  SCV  
  26  2:57  SCV  
  27  3:05  Refinery  
  27  3:09  SCV  
  28  3:21  SCV, Factory  
  28  3:23  SCV  
  30  3:33  SCV  
  31  3:35  SCV  
  32  3:45  SCV  
  32  3:47  Orbital Command  
  33  3:58  Orbital Command  
  33  4:10  Factory Tech Lab  
  33  4:17  SCV  
  34  4:29  SCV  
  35  4:35  Supply Depot  
  35  4:39  Supply Depot x3  
  35  4:41  SCV, Supply Depot  
  35  4:43  SCV, Supply Depot  
  37  4:53  SCV  
  37  4:57  SCV  
  39  5:00  Marine  
  39  5:05  SCV  
  38  5:09  SCV  
  32  5:18  Marine  
  32  5:21  SCV  
  30  5:33  SCV  
  31  5:35  Marine  
  32  5:53  Marine  
  32  6:11  Marine  
  32  6:17  SCV  
  34  6:29  SCV  
  35  6:35  Barracks x2  
  35  6:36  Barracks  
  35  6:37  Barracks  
  35  6:41  SCV  
  35  6:45  Barracks  
  36  6:53  SCV  
  37  6:57  Siege Tank  
  40  7:05  SCV  
  41  7:08  SCV  
  42  7:18  SCV  
  42  7:20  SCV  
  44  7:29  Siege Tank  
  47  7:30  SCV  
  47  7:32  SCV  
  47  7:42  SCV  
  35  7:54  SCV  
  34  8:02  Siege Tank  
  34  8:34  Siege Tank  
  37  8:36  Barracks Tech Lab  
  37  8:37  Barracks Tech Lab x4  
  37  9:06  Siege Tank  
  40  9:12  SCV  
  41  9:24  SCV  
  42  9:34  Marine x5  
  42  9:36  SCV  
  48  9:48  SCV  
  48  9:52  Marauder, Marine  
  54  9:53  Marauder x3  
  58  10:00  SCV  
  59  10:07  Refinery x2  
  59  10:10  Marauder  
  59  10:14  Marauder x4  
  69  10:31  Marauder  
  69  10:35  Marauder x2  
  79  10:36  Marauder x2  
  79  10:49  SCV  
  80  10:53  Marauder  
  80  10:56  Marauder  
  86  10:57  Marauder  
  86  11:47  Command Center  
  86  11:49  Supply Depot  
  86  11:52  Supply Depot x3  
  86  11:56  Supply Depot  
  86  12:05  SCV  
  86  12:06  Marauder  
  85  12:11  Marauder x4  
  90  12:17  SCV  
  85  12:28  Marauder  
  85  12:29  SCV  
  88  12:32  Marauder x4  
  96  12:41  SCV  
  97  12:54  Marauder x2  
  97  12:55  Marauder x3  
  107  13:15  Engineering Bay, Marauder  
  107  13:16  Marauder x3  
  115  13:22  Orbital Command  
  115  13:41  Engineering Bay  
  115  13:51  Marauder  
  115  13:52  Marauder x4  
  124  14:01  Terran Infantry Weapons Level 1  
  120  14:13  Marauder x5  
  119  14:25  Hi-Sec Auto Tracking  
  119  14:34  Marauder, Marine  
  119  14:35  Marauder x3  
  128  14:47  SCV  
  131  14:53  Marauder  
  131  14:56  Marauder x4  
  131  14:59  SCV  
  140  15:11  SCV  
  141  15:16  Marauder  
  141  15:18  Marine x2  
  137  15:23  SCV  
  118  15:35  SCV  
  99  15:36  Marine x4  
  99  15:37  Marine  
  64  15:53  Marine  
  64  15:54  Marine x3  
  64  15:55  Marine, Terran Infantry Armor Level 1  
  65  16:07  Command Center  
  65  16:11  Marine  
  65  16:12  Marine x3  
  65  16:13  Marine  
  69  16:22  SCV  
  70  16:29  Marine x3  
  70  16:30  Marine  
  70  16:31  Marine  
  75  16:33  Refinery  
  75  16:35  SCV  
  77  16:47  SCV, Marine x4  
  77  16:49  Marauder  
  83  16:59  SCV  
  84  17:10  Reaper x5  
  84  17:11  SCV  
  84  17:42  Reaper x5  
  89  17:55  Factory  
  89  18:14  Reaper x5  
  94  18:41  Factory  
  94  18:46  Reaper x5  
  99  18:55  Factory  
  99  18:57  Factory  
  99  18:59  Factory  
  99  19:00  Factory  
  99  19:18  Reaper x3  
  99  19:19  Reaper x2  
  59  20:37  Factory Tech Lab  
  59  20:38  Factory Tech Lab x3  
  59  20:49  Armory  
  59  20:51  Marauder  
  59  20:52  Marauder x4  
  69  21:12  Marauder  
  69  21:13  Marauder x4  
  79  21:34  Marauder x5  
  98  21:55  Marauder  
  98  21:56  Marauder x4  
Show
View Real Time Build Order
Export as new Build Order

RAssassin Protoss 

Build Orders: Double Forge 

Get SALT Encoding   

  12  0:00  Probe  
  13  0:12  Probe  
  14  0:20  Pylon  
  14  0:24  Probe  
  15  0:38  Probe (Chrono Boost)  
  16  0:48  Probe (Chrono Boost)  
  17  0:53  Probe (Chrono Boost)  
  18  1:04  Probe  
  19  1:13  Nexus  
  19  1:16  Probe  
  19  1:18  Pylon  
  20  1:28  Probe  
  21  1:40  Probe  
  21  1:43  Forge  
  21  1:45  Gateway  
  22  1:51  Pylon  
  22  1:53  Probe  
  23  2:05  Probe  
  23  2:08  Pylon  
  24  2:13  Pylon  
  24  2:17  Probe (Chrono Boost)  
  25  2:28  Probe (Chrono Boost)  
  25  2:29  Probe (Chrono Boost)  
  29  2:37  Probe x2 (Chrono Boost)  
  29  2:46  Photon Cannon  
  29  2:50  Photon Cannon  
  29  2:53  Photon Cannon  
  29  2:55  Assimilator  
  28  2:59  Probe (Chrono Boost)  
  28  3:02  Probe (Chrono Boost)  
  30  3:10  Zealot  
  30  3:11  Probe (Chrono Boost)  
  34  3:15  Probe (Chrono Boost)  
  34  3:16  Probe (Chrono Boost)  
  35  3:23  Probe, Assimilator  
  35  3:25  Probe  
  37  3:35  Probe  
  37  3:37  Probe  
  37  3:38  Gateway  
  37  3:40  Gateway  
  39  3:43  Gateway  
  39  3:44  Pylon  
  39  3:47  Pylon  
  39  3:48  Probe (Chrono Boost)  
  40  3:51  Pylon  
  40  3:53  Pylon  
  40  4:00  Probe (Chrono Boost)  
  41  4:08  Probe (Chrono Boost), Pylon  
  42  4:12  Probe (Chrono Boost)  
  42  4:14  Probe  
  44  4:26  Probe  
  44  4:30  Cybernetics Core  
  45  4:32  Protoss Ground Weapons Level 1  
  45  4:35  Forge  
  45  4:37  Zealot x3  
  45  4:38  Zealot  
  53  4:46  Probe, Assimilator  
  53  4:50  Assimilator  
  54  4:53  Photon Cannon  
  54  4:56  Photon Cannon  
  54  4:59  Photon Cannon  
  54  5:03  Pylon  
  54  5:06  Pylon  
  54  5:20  Robotics Facility  
  54  5:22  Robotics Facility  
  54  5:23  Robotics Facility  
  54  5:25  Gateway  
  54  5:27  Warp Gate, Gateway  
  54  5:30  Gateway  
  54  5:33  Zealot x2, Gateway  
  48  6:33  Stalker  
  48  6:36  Stalker  
  48  6:39  Protoss Shields Level 1  
  52  6:46  Stalker  
  54  6:56  Probe  
  55  7:08  Protoss Ground Armor Level 1  
  55  7:23  Twilight Council  
  52  8:12  Photon Cannon  
  52  8:29  Probe  
  52  8:32  Zealot x2  
  52  8:33  Zealot x5  
  67  8:34  Zealot  
  67  8:36  Immortal x2  
  67  8:37  Immortal  
  67  8:41  Probe  
  82  9:03  Pylon, Nexus  
  82  9:05  Pylon  
  82  9:08  Pylon  
  82  9:11  Pylon  
  82  9:14  Pylon  
  82  9:16  Zealot  
  84  9:17  Zealot x4  
  92  9:28  Assimilator  
  92  9:32  Assimilator  
  92  9:33  Photon Cannon  
  92  9:39  Photon Cannon  
  92  9:47  Photon Cannon  
  92  9:48  Probe (Chrono Boost)  
  92  9:49  Probe (Chrono Boost)  
  94  10:01  Probe (Chrono Boost)  
  94  10:06  Probe (Chrono Boost)  
  96  10:09  Probe (Chrono Boost)  
  97  10:18  Probe (Chrono Boost)  
  97  10:20  Probe (Chrono Boost)  
  99  10:28  Probe (Chrono Boost)  
  101  10:29  Immortal  
  101  10:31  Probe (Chrono Boost)  
  101  10:33  Probe (Chrono Boost)  
  106  10:40  Probe  
  106  10:41  Immortal  
  111  10:44  Probe  
  111  10:49  Immortal  
  116  10:56  Probe  
  117  11:10  Charge (Chrono Boost)  
  117  11:12  Protoss Ground Weapons Level 2 (Chrono Boost)  
  117  11:14  Protoss Shields Level 2 (Chrono Boost)  
  117  11:24  Immortal  
  121  11:37  Probe  
  122  11:49  Probe  
  122  11:51  Zealot  
  122  11:52  Zealot x6  
  122  11:53  Zealot  
  139  12:01  Probe  
  118  12:13  Probe  
  109  12:23  Immortal x3  
  109  12:25  Probe, Zealot  
  109  12:26  Zealot  
  126  12:36  Blink  
  126  12:54  Zealot x3  
  126  12:55  Zealot x4  
  126  12:57  Zealot  
  142  13:29  Immortal x2  
  142  13:30  Immortal  
  154  13:36  Protoss Ground Armor Level 2 (Chrono Boost), Zealot x2  
  154  13:37  Zealot x2  
  154  13:40  Sentry x2  
  154  13:41  Sentry x2  
  170  13:59  Pylon  
  170  14:01  Pylon  
  150  14:04  Pylon  
  150  14:08  Pylon  
  146  14:33  Zealot x3  
  146  14:34  Zealot x5  
  146  14:36  Immortal x2  
  170  14:48  Protoss Ground Weapons Level 3 (Chrono Boost)  
  170  15:02  Immortal  
  110  15:40  Zealot x2  
  110  15:41  Zealot x6  
  96  15:52  Protoss Shields Level 3 (Chrono Boost)  
  96  15:54  Immortal x3  
  104  16:02  Zealot x4  
  104  16:03  Zealot  
  112  16:26  Zealot  
  112  16:27  Zealot x6  
  112  16:28  Zealot  
  120  16:49  Nexus  
  120  16:51  Assimilator  
  120  16:53  Assimilator  
  116  17:07  Immortal  
  116  17:08  Immortal  
  94  17:26  Immortal  
  94  17:29  Zealot x5  
  108  17:44  Protoss Ground Armor Level 3 (Chrono Boost)  
  108  17:55  Zealot x4  
  108  17:56  Zealot  
  118  18:14  Sentry x3  
  118  18:15  Sentry  
  118  18:17  Zealot x4  
  134  18:24  Observer  
  134  18:25  Immortal  
  139  18:32  Immortal  
  143  18:53  Zealot x4  
  143  18:54  Zealot x3  
  107  19:35  Zealot x7  
  107  19:36  Zealot  
  115  20:01  Zealot  
  115  20:02  Zealot x7  
  131  20:07  Immortal  
  127  20:31  Sentry x2  
  127  20:32  Sentry x2  
  127  20:33  Zealot x3  
  139  20:36  Zealot  
  139  21:00  Immortal  
  139  21:02  Immortal  
  143  21:32  Nexus  
  143  21:33  Pylon  
  143  21:36  Pylon  
  121  22:01  Zealot x3  
  121  22:02  Zealot x5  
Show
View Real Time Build Order
Export as new Build Order

Draxx Terran 

Build Orders: Mech 

Get SALT Encoding   

  12  0:00  SCV  
  13  0:12  SCV  
  14  0:19  Supply Depot  
  14  0:25  SCV  
  15  0:34  Refinery  
  15  0:40  SCV  
  16  0:46  Barracks  
  16  1:04  SCV  
  17  1:10  Refinery  
  17  1:16  SCV  
  18  1:28  SCV  
  19  1:34  Barracks Reactor  
  19  1:40  SCV  
  20  1:52  SCV  
  21  2:00  Command Center  
  21  2:05  SCV  
  22  2:17  Factory  
  22  2:29  Orbital Command  
  22  2:33  Marine  
  23  3:05  SCV  
  24  3:08  Factory Tech Lab  
  24  3:09  Supply Depot  
  24  3:12  Supply Depot  
  24  3:15  Starport  
  24  3:17  SCV  
  25  3:29  SCV  
  25  3:30  Widow Mine  
  28  3:43  Orbital Command  
  28  3:45  SCV  
  29  3:52  Widow Mine  
  31  3:57  Starport Reactor  
  31  4:00  Starport  
  31  4:03  SCV  
  31  4:09  Refinery  
  32  4:10  SCV  
  32  4:15  SCV  
  34  4:25  SCV  
  35  4:34  Liberator  
  35  4:35  Liberator  
  41  4:46  Starport Reactor  
  41  4:51  Command Center  
  41  4:52  SCV  
  42  4:53  SCV  
  42  4:55  Siege Tank  
  44  5:04  SCV  
  44  5:06  SCV  
  46  5:16  SCV  
  46  5:17  Liberator x2  
  46  5:18  SCV  
  54  5:28  SCV  
  54  5:38  Liberator  
  54  5:39  SCV  
  54  5:40  SCV  
  56  5:49  Siege Tank  
  59  5:52  SCV x2  
  61  5:57  Refinery  
  61  6:01  Supply Depot  
  61  6:04  SCV, Supply Depot  
  62  6:23  SCV x2  
  61  6:35  SCV x2  
  61  6:39  Liberator x2  
  69  6:47  SCV x2  
  68  6:59  SCV x2  
  70  7:11  SCV x2  
  72  7:16  Refinery, Command Center  
  72  7:19  Factory x2  
  72  7:20  Refinery, Factory  
  72  7:21  Factory  
  72  7:23  SCV x2, Supply Depot  
  72  7:24  Supply Depot  
  72  7:27  Engineering Bay  
  74  7:32  Armory  
  74  7:35  SCV x2  
  76  7:37  Armory  
  76  7:45  Supply Depot  
  72  8:08  Factory Tech Lab x3  
  72  8:10  SCV x2  
  74  8:22  SCV x2  
  74  8:34  SCV x2  
  74  8:45  Thor  
  74  8:46  SCV x2  
  80  8:50  Viking x2  
  83  8:56  SCV  
  83  8:58  SCV x2  
  86  9:08  SCV, Factory Tech Lab  
  87  9:10  SCV x2  
  87  9:15  Terran Vehicle Weapons Level 1, Terran Vehicle And Ship Armor Level 1  
  89  9:20  SCV  
  90  9:27  Thor  
  96  9:37  Thor  
  104  9:38  Hellion  
  104  9:47  Orbital Command  
  104  10:02  SCV x2  
  104  10:04  Hi-Sec Auto Tracking  
  106  10:10  Widow Mine  
  106  10:11  Hellbat  
  110  10:14  SCV, Widow Mine  
  110  10:20  Widow Mine  
  114  10:31  Widow Mine  
  116  10:35  Hellion  
  116  10:53  Starport Tech Lab  
  116  10:59  Supply Depot  
  116  11:00  Supply Depot  
  116  11:01  Neosteel Armor  
  116  11:02  Supply Depot  
  116  11:03  Supply Depot  
  116  11:04  Supply Depot  
  116  11:06  Supply Depot  
  116  11:08  Hellbat  
  116  11:11  Starport Tech Lab  
  116  11:18  Fusion Core  
  116  11:20  Thor  
  116  11:21  Widow Mine, Thor  
  116  11:22  Infernal Pre-Igniter  
  130  11:27  Factory  
  130  11:29  Hellbat  
  130  11:30  Factory  
  130  11:32  Factory  
  132  11:35  Terran Vehicle And Ship Armor Level 2  
  132  11:45  Thor  
  138  11:47  SCV  
  138  11:48  SCV  
  138  11:51  Hellbat  
  139  11:56  Medivac  
  138  12:04  Hellbat  
  132  12:31  Terran Vehicle Weapons Level 2  
  132  12:33  Thor  
  132  12:34  Hellbat x3  
  150  12:53  Command Center  
  150  12:57  Command Center, Factory Tech Lab x3  
  150  12:59  Medivac  
  152  13:07  Supply Depot  
  152  13:08  Supply Depot x2  
  152  13:09  Command Center  
  152  13:10  Supply Depot  
  152  13:20  Thor  
  158  13:29  Medivac  
  159  13:41  Advanced Ballistics  
  157  14:05  Hellbat, Thor x3  
  157  14:06  Hellbat x2  
  181  14:27  Hellion, Hellbat x2  
  187  14:47  Thor  
  187  14:48  Hellbat x3  
  199  15:03  Orbital Command  
  199  15:14  Refinery  
  172  15:29  Hellbat, Thor x3  
  172  15:30  Hellbat  
  172  15:31  Hellbat  
  146  15:50  Thor  
  146  15:51  Hellbat  
  146  15:52  Hellbat  
  128  16:12  Terran Vehicle Weapons Level 3, Hellbat x4  
  128  16:14  Hellbat  
  138  16:23  Orbital Command  
  138  16:31  Terran Ship Weapons Level 1  
  138  16:34  Hellbat x5, Thor  
  150  16:49  SCV x2  
  152  16:55  Hellbat x5  
  140  17:06  Refinery  
  104  17:16  Hellbat x3  
  104  17:17  Hellbat x2  
  104  17:18  Hellbat  
  112  17:28  Planetary Fortress  
  112  17:30  Command Center  
  112  17:37  Thor  
  112  17:38  SCV x3, Hellbat x4  
  112  17:39  Hellbat  
  131  17:50  SCV x2  
  131  17:51  Thor  
  133  17:59  Hellbat x3, Thor  
  133  18:01  Hellbat  
  133  18:04  Viking  
  149  18:20  Siege Tank  
  149  18:21  Hellbat  
  149  18:25  Terran Vehicle And Ship Armor Level 3, Command Center  
  154  18:32  Refinery  
  159  18:34  Missile Turret  
  159  18:35  Missile Turret x2  
  159  18:36  Missile Turret  
  159  18:37  Missile Turret  
  159  18:40  Thor  
  162  18:46  Missile Turret x2  
  162  18:47  Missile Turret x2  
  157  18:48  Missile Turret  
  157  18:50  Missile Turret  
  152  19:04  SCV x4  
  156  19:12  Thor  
  156  19:16  SCV x4  
  157  19:25  Medivac  
  157  19:28  SCV  
  140  19:34  Hellbat x4  
  140  19:35  Hellbat  
  96  19:55  Hellbat x2  
  96  19:59  Hellbat  
  102  20:06  Hellbat  
  102  20:32  Hellbat  
  102  20:33  Hellbat  
  102  20:43  Hellbat x2  
  106  20:52  Hellbat  
  80  21:10  Thor  
  70  21:34  Refinery  
  49  21:49  Hellbat x2  
  49  21:54  Hellbat  
Show
View Real Time Build Order
Export as new Build Order

interzone Zerg 

Build Orders: Hatch First 

Get SALT Encoding   

  12  0:15  Drone x2  
  12  0:21  Overlord  
  14  0:39  Drone x2  
  16  0:54  Drone  
  17  0:58  Hatchery  
  17  0:59  Drone  
  17  1:09  Drone  
  18  1:18  Spawning Pool  
  18  1:20  Drone  
  18  1:30  Extractor  
  18  1:31  Drone  
  18  1:44  Drone  
  19  1:52  Drone  
  20  2:03  Overlord  
  20  2:10  Drone  
  20  2:11  Queen  
  20  2:12  Queen  
  25  2:19  Spine Crawler, Drone  
  25  2:20  Drone  
  26  2:25  Drone  
  27  2:33  Drone  
  27  2:37  Drone  
  29  2:46  Overlord, Pneumatized Carapace  
  29  2:48  Queen  
  31  2:55  Zergling x4  
  33  2:59  Drone  
  33  3:04  Drone  
  35  3:11  Overlord, Evolution Chamber  
  34  3:17  Spore Crawler  
  33  3:22  Spine Crawler  
  33  3:23  Metabolic Boost  
  33  3:25  Zergling x2  
  33  3:27  Zergling x2  
  33  3:29  Drone  
  36  3:41  Zergling x6  
  36  3:48  Zergling x2, Drone x3  
  41  3:54  Spore Crawler  
  41  3:57  Drone x2  
  43  4:04  Zerg Melee Weapons Level 1  
  43  4:06  Drone  
  43  4:07  Drone  
  45  4:20  Drone x5  
  45  4:23  Drone  
  51  4:29  Lair  
  51  4:32  Drone  
  52  4:52  Overlord x3  
  51  5:01  Drone  
  51  5:03  Overlord  
  51  5:04  Burrow  
  51  5:06  Overlord  
  52  5:10  Drone  
  52  5:11  Drone x4  
  52  5:12  Drone x3  
  59  5:28  Drone x3  
  62  5:33  Drone  
  62  5:34  Overlord  
  63  5:50  Spore Crawler  
  63  5:55  Spore Crawler  
  63  5:56  Drone  
  61  5:57  Overlord  
  61  5:58  Zergling x2  
  61  5:59  Drone  
  63  6:04  Extractor  
  63  6:05  Extractor  
  61  6:32  Extractor  
  61  6:35  Zerg Ground Armor Level 1  
  58  6:51  Zergling x2, Overlord  
  59  7:20  Zergling x2  
  59  7:21  Zergling x12  
  66  7:29  Hatchery  
  65  7:31  Overseer  
  65  7:42  Drone x6  
  71  7:51  Zergling x2  
  65  8:09  Drone x7  
  67  8:44  Hatchery  
  67  8:45  Extractor  
  67  8:47  Extractor  
  61  8:57  Hydralisk Den, Overseer  
  61  9:00  Infestation Pit  
  59  9:02  Overlord  
  59  9:03  Zergling x16  
  67  9:20  Extractor  
  67  9:21  Extractor  
  65  9:33  Grooved Spines  
  65  9:34  Queen  
  65  9:35  Zergling x14  
  74  9:46  Hydralisk x3  
  74  9:49  Drone x2  
  82  10:03  Hydralisk x5  
  82  10:04  Hydralisk x2  
  96  10:15  Drone x3  
  96  10:21  Queen  
  91  10:28  Hydralisk  
  91  10:29  Hydralisk x6  
  91  10:34  Queen  
  105  10:36  Hydralisk x2  
  106  10:45  Muscular Augments  
  106  10:53  Overlord, Hydralisk  
  106  10:54  Hydralisk x6  
  120  10:59  Overlord  
  120  11:11  Spire  
  119  11:23  Hydralisk x8  
  127  11:45  Overlord x4  
  127  11:59  Hydralisk x5  
  127  12:01  Hydralisk  
  127  12:02  Infestor, Hydralisk  
  127  12:05  Infestor  
  121  12:18  Lurker Den  
  120  12:31  Overlord  
  120  12:32  Mutalisk x7  
  134  12:43  Zerg Flyer Weapons Level 1  
  134  12:48  Drone x2  
  134  12:49  Drone x4  
  140  12:55  Overseer  
  140  12:57  Zergling x2, Overlord, Mutalisk  
  143  13:05  Mutalisk, Corruptor  
  147  13:13  Overlord  
  147  13:14  Mutalisk  
  147  13:15  Mutalisk x3  
  155  13:24  Mutalisk  
  155  13:26  Overlord x3  
  157  13:36  Mutalisk x3  
  163  13:52  Mutalisk  
  163  13:53  Mutalisk x2  
  146  14:05  Overlord, Mutalisk, Corruptor  
  146  14:06  Overlord, Hydralisk  
  146  14:07  Zergling x4  
  154  14:14  Mutalisk, Hydralisk, Corruptor  
  154  14:15  Zergling x2, Overlord  
  154  14:16  Hatchery  
  160  14:19  Hydralisk  
  162  14:27  Zergling x2, Infestor  
  163  14:31  Hydralisk  
  163  14:37  Zerg Flyer Armor Level 1  
  161  14:40  Mutalisk  
  161  14:41  Mutalisk x2  
  163  14:46  Corruptor  
  165  14:53  Mutalisk  
  166  15:00  Overlord, Mutalisk  
  166  15:01  Mutalisk  
  170  15:07  Overlord  
  170  15:09  Mutalisk, Corruptor  
  170  15:11  Overlord  
  170  15:12  Overlord, Hydralisk  
  170  15:14  Overlord, Hydralisk  
  160  15:16  Hydralisk  
  160  15:20  Hydralisk  
  160  15:21  Overlord, Hydralisk  
  141  15:33  Zergling x28  
  147  15:37  Hydralisk, Corruptor  
  147  15:41  Zergling x2  
  147  15:42  Zergling x2  
  141  15:45  Infestor, Mutalisk  
  135  15:51  Hydralisk  
  135  15:53  Mutalisk  
  139  16:00  Infestor, Hydralisk  
  137  16:04  Overlord  
  137  16:08  Mutalisk  
  137  16:09  Mutalisk  
  138  16:13  Hydralisk  
  138  16:18  Mutalisk  
  140  16:21  Hydralisk  
  144  16:31  Mutalisk x2  
  148  16:36  Mutalisk  
  150  16:48  Queen  
  150  16:49  Mutalisk, Corruptor  
  138  17:14  Zergling x2, Overlord, Mutalisk x2  
  138  17:15  Mutalisk x3  
  142  17:18  Overlord, Hydralisk  
  142  17:37  Hive  
  142  17:43  Drone x4  
  145  17:48  Extractor x2  
  143  18:09  Evolution Chamber  
  142  18:13  Zergling x4  
  142  18:14  Zergling x14  
  151  18:37  Mutalisk, Hydralisk, Corruptor  
  157  18:45  Overlord  
  157  18:46  Hatchery, Zergling x20  
  157  18:47  Zergling x2  
  155  19:26  Zergling x2  
  154  19:35  Mutalisk, Zergling x2, Overlord, Infestor, Hydralisk, Corruptor  
  154  19:36  Mutalisk, Hydralisk, Infestor, Corruptor  
  139  19:47  Overlord  
  139  19:52  Viper x3  
  148  19:53  Mutalisk x7, Corruptor  
  164  20:01  Queen  
  154  20:19  Spine Crawler  
  151  20:26  Mutalisk, Corruptor  
  151  20:27  Mutalisk, Hydralisk, Infestor, Corruptor  
  163  20:32  Zergling x2, Overlord, Drone  
  161  20:43  Infestor  
  161  20:44  Overlord, Mutalisk, Hydralisk, Corruptor  
  163  20:54  Overlord  
  163  20:55  Zergling x2  
  156  21:02  Zergling x2  
  156  21:03  Zergling x24  
  163  21:09  Overseer  
  163  21:22  Overlord, Drone x2  
  163  21:23  Drone  
  166  21:28  Hatchery  
  166  21:29  Overlord, Hydralisk  
  166  21:30  Hydralisk x5  
  175  21:38  Extractor  
  157  21:47  Mutalisk, Hydralisk, Corruptor  
  157  21:48  Mutalisk, Hydralisk, Corruptor  
  157  21:49  Mutalisk, Hydralisk, Corruptor  
  157  21:50  Mutalisk, Hydralisk, Corruptor  
  157  21:53  Hydralisk  
Tags
 
Add a new tag
Caveats
  • Supply blocks, unpowered buildings, or Contaminate may cause inaccurate times.
  • Supply counts are checked every 10 seconds.